 Dungeon Crawl Stone Soup version 0.28.0-45-g0d030f2227 (webtiles) character file.

Game seed: 3395342785111402398

24 zeratav the Insei (level 3, 0/23 HPs)
             Began as an Octopode Transmuter on Apr 11, 2022.
             Succumbed to an adder's poison
             ... on level 2 of the Dungeon.
             The game lasted 00:00:50 (1271 turns).

zeratav the Insei (Octopode Transmuter)             Turns: 1271, Time: 00:00:50

Health: 0/23       AC:  1    Str:  8 (9)  XL:     3   Next: 2%
Magic:  5/6        EV: 13    Int: 14 (15) God:
Gold:   27         SH:  0    Dex: 13 (14) Spells: 5/6 levels left

rFire   . . .      SeeInvis .     - Unarmed
rCold   . . .      Faith    .   (no shield)
rNeg    . . .      Spirit   .   (helmet currently unavailable)
rPois   .          Reflect  .   (no amulet)
rElec   .          Harm     .   (no ring)
rCorr   .          Rampage  .   (no ring)
Will    .....                   (no ring)
Stlth   +++.......              (no ring)
HPRegen 0.07/turn               (no ring)
MPRegen 0.10/turn               (no ring)
                                (no ring)
                                (no ring)

@: lethally poisoned (0 -> -4), appendages (expiring)
A: tentacle spike 3, almost no armour, amphibious, 8 rings, camouflage 1,
gelatinous body 1, (nimble swimmer 1), tentacles
a: End Transformation


You were on level 2 of the Dungeon.
One of your tentacles had grown a beastly spike.
You visited 1 branch of the dungeon, and saw 2 of its levels.

You collected 27 gold pieces.


Innate Abilities, Weirdness & Mutations

One of your tentacles has grown a beastly spike.
You cannot wear most types of armour.
You are amphibious.
You can wear up to eight rings at the same time.
Your skin changes colour to match your surroundings (Stealth+).
Your rubbery body absorbs attacks. (AC +1, EV +1)
((You are camouflaged when in or above water. (Stealth+)))
You have tentacles for arms and can constrict up to eight enemies at once.


   Skills:
 + Level 1.4 Fighting
 + Level 2.3 Dodging
 + Level 1.4 Stealth
 * Level 3.4 Unarmed Combat
 - Level 2.0 Spellcasting
 - Level 2.0 Transmutations


You had 5 spell levels left.
You knew the following spells:

 Your Spells              Type           Power      Damage    Failure   Level
a - Beastly Appendage     Tmut           14%        N/A       11%         1

Your spell library contained the following spells:

 Spells                   Type           Power      Damage    Failure   Level
 Wereblood                Tmut           7%         N/A       16%         2
 Sandblast                Erth           2%         2d4       24%         1
 Passwall                 Tmut/Erth      3%         N/A       24%         2
 Spider Form              Tmut/Pois      4%         N/A       43%         3
 Stone Arrow              Conj/Erth      2%         3d7       56%         3
 Ice Form                 Ice/Tmut       4%         N/A       83%         4

Inventory:

Scrolls
 b - a scroll of noise {unknown}
 c - a scroll of enchant armour {unknown}
Potions
 a - a potion of degeneration {!q@e2}

Dungeon Overview and Level Annotations

Branches:
Dungeon (2/15)

Altars:

Annotations:
D:2 Robin

#...## ###.#
#.# #.# . #.#
.. #.# g..
##.## g...
##...## .g...
#....@###..gg..
#.....g.ggggg..
#.....#####g...
##...## . #####


You could see 2 hobgoblins and 5 goblins.


Message History

You take 1 damage, and now have 16/18 hp.
You barely miss the ball python. Your grab misses the ball python.
The ball python bites you. The ball python constricts you.
HP[-2]
You take 2 damage, and now have 14/18 hp.
You closely miss the ball python. Your grab misses the ball python.
The ball python misses you. The ball python constricts you.
HP[-1]
You take 1 damage, and now have 13/18 hp.
You barely miss the ball python. You grab the ball python.
You constrict the ball python. The ball python barely misses you.
The ball python constricts you.
You tentacle-slap the ball python.
You kill the ball python!
Your magical contamination has completely faded away.
No target in view!
No target in view!
No target in view!
HP[-1]
You take 1 damage, and now have 12/18 hp.
No target in view!
No target in view!
No target in view!
You see here a ball python corpse.
c - a scroll labelled NEUMUIGAEH HP[+6] MP[+1]
Your hp is fully restored (18).
Your mp is fully restored (5).
Found a stone staircase leading down.
There is a stone staircase leading down here.
An adder comes into view.
Found an escape hatch in the floor.
An adder is nearby!
One of your tentacles grows a vicious spike.
MP[-1]
You lost 1 mp, and now have 4/5 mp.
The adder hisses angrily.
You hear a shout! x2
A hobgoblin comes into view.
A goblin comes into view.
It is wielding a +0 dagger. 2 goblins come into view.
The hobgoblin shouts!
You hear a shout! x3
A goblin comes into view. It is wielding a +0 club.
A hobgoblin comes into view.
A goblin comes into view. It is wielding a +0 club.
Robin, a hobgoblin and 2 goblins come into view.
The adder bites you.
A hobgoblin comes into view.
HP[-2]
You take 2 damage, and now have 16/18 hp.
You miss the adder.
Robin shouts!
The goblin shouts!
The hobgoblin shouts! x2; The goblin shouts!
Your grab misses the adder.
Your tentacle spike misses the adder.
The adder closely misses you.
You tentacle-slap the adder but do no damage.
Your grab misses the adder.
Your tentacle spike misses the adder.
Your tentacle-slap misses the adder.
The adder bites you.
You are poisoned.
The adder poisons you!
A hobgoblin comes into view.
The adder barely misses you.
HP[-2]
You take 2 damage, and now have 14/18 hp.
You tentacle-slap the adder. Your grab misses the adder.
Your tentacle spike misses the adder.
You feel sick. The adder bites you.
HP[-4]
You take 4 damage, and now have 10/18 hp.
MASSIVE DAMAGE!! (PAUSE)
You tentacle-slap the adder but do no damage.
You grab the adder.
Your transformation is almost over.
You constrict the adder.
You feel sick. The adder bites you.
* * * LOW HITPOINT WARNING * * *
You are more poisoned.
The adder poisons you!
HP[-5]
You take 5 damage, and now have 5/18 hp.
MASSIVE DAMAGE!! (PAUSE)
You tentacle-slap the adder.
You pierce the adder.
You constrict the adder.
You kill the adder!
* * * LOW HITPOINT WARNING * * *
You feel sick.
Robin drinks a potion.
Robin seems to speed up.
You have reached level 3!
Your experience leads to an increase in your attributes!
Increase (S)trength, (I)ntelligence, or (D)exterity?
You feel agile. x2
HP[-1]
You now have 23 max hp (+5).
* * * LOW HITPOINT WARNING * * *
You feel sick.
HP[-2]
You take 2 damage, and now have 2/23 hp.
* * * LOW HITPOINT WARNING * * *
You feel sick.
HP[-1] MP[+1]
You take 1 damage, and now have 1/23 hp.
It was a potion of degeneration.
There was something very wrong with that liquid.
You feel weakened.
You feel dopey.
You feel clumsy.
You die...

Skill      XL: |  1  2 |
---------------+-------+-----
Stealth        | 1 |  1.4
Fighting       | |  1.4
Dodging        | |  2.3
Unarmed Combat | |  3.4
Spellcasting   | |  2.0
Transmutations | |  2.0

Action                   || total
-------------------------++-------
Melee: Unarmed           ||    31
       Constrict         ||     9
       Tentacles         ||     4
       Kick              ||     3
 Cast: Beastly Appendage ||    11
  Use: Potion            ||     1
 Stab: Sleeping          ||     3
Armor: Skin              ||     3
Dodge: Dodged            ||    27

Levels and vault maps discovered:
D:1:      lightli_arrival_quake, layout_loops_corners, serial_bayou_pond_e,
          minmay_misc_feat_five, minmay_misc_feat_nine_boxes
D:2:      layout_loops_corners, basic_altar, minmay_divided_ellipse, uniq_robin,
          uniq_crazy_yiuf_cottage

Notes
Turn   | Place    | Note
-------+----------+-------------------------------------------
     0 | D:1      | zeratav the Octopode Transmuter began the quest for the
                  | Orb.
     0 | D:1      | Reached XP level 1. HP: 13/13 MP: 3/3
     0 | D:1      | magus.rc [v1.9.6]
   132 | D:1      | You pick up a book of Geomancy and begin reading...
   132 | D:1      | You add the spells Sandblast, Passwall and Stone Arrow to
                  | your library.
   467 | D:1      | Reached XP level 2. HP: 17/18 MP: 3/5
   696 | D:1      | Reached skill level 1 in Stealth
  1263 | D:2      | Noticed Robin
  1268 | D:2      | HP: 3/18 [poisoned by an adder]
  1269 | D:2      | Reached XP level 3. HP: 4/23 MP: 4/6
  1270 | D:2      | HP: 1/23 [poisoned by an adder]
  1271 | D:2      | Succumbed to an adder's poison

Vanquished Creatures
  An adder (D:2)
  3 ball pythons
  5 bats
  An endoplasm (D:1)
  A giant cockroach (D:1)
  A hobgoblin (D:1)
  2 kobolds
14 creatures vanquished.

Table legend:
 A = Non-vault XP
 B = Vault XP
 C = Vault XP percentage of total XP
 D = Non-vault monster count
 E = Vault monster count
 F = Vault count percentage of total count
                 A         B        C        D         E       F
            +---------+---------+-------+---------+---------+-------
      Total |      35 |       0 |   0.0 |      14 |       0 |   0.0
            +---------+---------+-------+---------+---------+-------
        D:1 |      19 |       0 |   0.0 |      10 |       0 |   0.0
        D:2 |      16 |       0 |   0.0 |       4 |       0 |   0.0
            +---------+---------+-------+---------+---------+-------

Illustrated notes

Table legend:
 A = Kills in this place as a percentage of kills in entire the game.
 B = Kills by you in this place as a percentage of kills by you in the entire game.
 C = Kills by friends in this place as a percentage of kills by friends in the entire game.
 D = Other kills in this place as a percentage of other kills in the entire game.
 E = Experience gained in this place as a percentage of experience gained in the entire game.
 F = Experience gained in this place divided by the number of levels of this place that you have seen.
                   A       B       C       D       E      F
               +-------+-------+-------+-------+-------+----------------------
         Total | 100.0 | 100.0 |   N/A |   N/A | 100.0 |  17.5
       Dungeon | 100.0 | 100.0 |   N/A |   N/A | 100.0 |  17.5
               +-------+-------+-------+-------+-------+----------------------

Table legend: (Time is in decaauts)
 A = Elapsed time spent in this place.
 B = Non-inter-level travel time spent in this place.
 C = Inter-level travel time spent in this place.
 D = Time resting spent in this place.
 E = Time spent auto-exploring this place.
 F = Levels seen in this place.
 G = Mean time per level.
                   A        B        C        D        E       F      G
               +--------+--------+--------+--------+--------+-----+--------+
         Total |   1268 |   1237 |     31 |      0 |   1136 |   2 |  634.0 |
       Dungeon |   1268 |   1237 |     31 |      0 |   1136 |   2 |  634.0 |
               +--------+--------+--------+--------+--------+-----+--------+

Top non-repeatable levels by time:
     D:1: 854 daAuts
     D:2: 414 daAuts
